 Dungeon Crawl Stone Soup version 0.24.1-14-gf8d2b509d9 (webtiles) character file.

Game seed: 11593868118858786617, levelgen mode: deterministic

88 Gabide the Skirmisher (level 4, 0/28 HPs)
             Began as a Kobold Fighter on May 22, 2020.
             Slain by Sigmund
             ... wielding a +0 scythe
              (4 damage)
             ... on level 2 of the Dungeon.
             The game lasted 00:04:30 (1802 turns).

Gabide the Skirmisher (Kobold Fighter)              Turns: 1802, Time: 00:04:31

Health: 0/28       AC:  7    Str: 19    XL:     4   Next: 82%
Magic:  5/5        EV: 10    Int:  9    God:
Gold:   83         SH:  9    Dex: 14    Spells: 3/3 levels left

rFire    . . .     SeeInvis .   a - +0 flail
rCold    . . .     Gourm    .   c - +0 shield
rNeg     . . .     Faith    .   b - +0 scale mail
rPois    +         Spirit   .   g - +0 helmet
rElec    .         Reflect  .   (no cloak)
rCorr    .         Harm     .   (no gloves)
MR       .....                  (no boots)
Stlth    ..........             (no amulet)
HPRegen  0.09/turn              (no ring)
MPRegen  0.09/turn              (no ring)

@: mighty
A: small, carnivore, poison resistance, screaming 1
a: no special abilities


You were on level 2 of the Dungeon.
You were very full.

You visited 1 branch of the dungeon, and saw 2 of its levels.

You collected 83 gold pieces.

Inventory:

Hand Weapons
 a - a +0 flail (weapon)
 o - a cursed -1 arbalest
Armour
 b - a +0 scale mail (worn)
 c - a +0 shield (worn)
 g - a +0 helmet (worn)
Scrolls
 j - a scroll of teleportation
Potions
 d - a potion of might
 e - 3 potions of curing {unknown}
 h - a potion of ambrosia {unknown}
 i - a potion of cancellation {unknown}
 k - a potion of agility {unknown}
 m - a potion of invisibility {unknown}
Comestibles
 f - 3 rations


   Skills:
 + Level 3.5 Fighting
 + Level 2.3 Maces & Flails
 + Level 3.1 Armour
 + Level 1.9 Dodging
 + Level 2.6 Shields
   Level 1.4 Evocations


You had 3 spell levels left.
You didn't know any spells.
Your spell library was empty.

Dungeon Overview and Level Annotations

Branches:
Dungeon (2/15)

Altars:
Ru

Annotations:
D:2 Sigmund


Innate Abilities, Weirdness & Mutations

You are small and have problems with some larger weapons.
You are carnivorous and can eat meat at any time.
Your system is resistant to poisons. (rPois)
You occasionally shout uncontrollably at your foes.


Message History

You sock the leopard gecko!
You kill the leopard gecko!
Something hits you.
Evoke which item? (* to show all) (? for menu, Esc to quit)
Aiming: Corrosive Bolt
Press: ? - help, Shift-Dir - straight line The now-empty wand crumbles to dust.
You hear some strange, mumbled words.
A magic dart appears from out of thin air!
The magic dart hits you.
* * * LOW HITPOINT WARNING * * *
You stop training Evocations.
You closely miss something. Something hits you.
* * * LOW HITPOINT WARNING * * *
Drop what? 13/52 slots (_ for help) (? for menu, Esc to quit)
Okay, then.
You feel very mighty all of a sudden. Something hits you but does no damage.
You sock something! Something hits you.
You die...

*,,,,,,,,,,,>,,,* *,,,,,,*
*,,,,,*,*#.*>,*,* *,****,*
*,,,,,*,##.*,,*.##**,****,*
***,***,,..,,,,..,,,,,,**,*
*,* ***#.####.##**,*,**,*
*,* #.).....# *,*,**,*
*******,**** #.......#
*,,,,,,* ,,,,,,,,,,,*
#..{†...# ***,****
****,**,*,,* #.!@..%.# *,*
*,**,,*,**#..$....# *,*
*,**,***,*#.......# *,***
*,***,*,**####.#### *,,,*
*,,,,,,,* #.# #...*
*****#.#######.#### *...*
*****
#............######.#*
,,,,*
######.##...........##
,,,,* #.##..#..##.#...##


There were no monsters in sight!

Vanquished Creatures
  Jessica (D:2)
  2 adders (D:2)
  A worm (D:2)
  A leopard gecko (D:2)
  5 bats
  4 giant cockroaches
  6 goblins
  5 hobgoblins
  A ball python (D:1)
  A frilled lizard (D:1)
  7 kobolds
  7 rats
41 creatures vanquished.

Notes
Turn   | Place    | Note
-------+----------+-------------------------------------------
     0 | D:1      | Gabide the Kobold Fighter began the quest for the Orb.
     0 | D:1      | Reached XP level 1. HP: 14/14 MP: 1/1
     6 | D:1      | Noticed a basilisk
     6 | D:1      | Noticed a tyrant leech
     6 | D:1      | Noticed a worker ant
     7 | D:1      | Noticed a hell rat
     7 | D:1      | Noticed a stone giant
   321 | D:1      | Reached XP level 2. HP: 4/19 MP: 2/2
   781 | D:1      | Reached XP level 3. HP: 23/23 MP: 3/3
  1321 | D:2      | Found a sacrificial altar of Ru.
  1393 | D:2      | Reached skill level 1 in Dodging
  1393 | D:2      | Reached XP level 4. HP: 19/28 MP: 4/4
  1504 | D:2      | Noticed Jessica
  1506 | D:2      | Killed Jessica
  1506 | D:2      | Reached skill level 1 in Evocations
  1669 | D:2      | Gained mutation: Your muscles are strong. (Str +2) [potion
                  | of mutation]
  1669 | D:2      | Gained mutation: Your skin changes colour to match your
                  | surroundings (Stealth+). [potion of mutation]
  1669 | D:2      | Gained mutation: Your movements are slightly less
                  | encumbered by armour. (ER -2) [potion of mutation]
  1670 | D:2      | Lost mutation: Your movements are slightly less encumbered
                  | by armour. (ER -2) [potion of mutation]
  1670 | D:2      | Lost mutation: Your skin changes colour to match your
                  | surroundings (Stealth+). [potion of mutation]
  1670 | D:2      | Lost mutation: Your muscles are strong. (Str +2) [potion of
                  | mutation]
  1670 | D:2      | Gained mutation: You evolve. [potion of mutation]
  1670 | D:2      | Gained mutation: You are partially covered in yellow
                  | scales. (AC +2) [potion of mutation]
  1671 | D:2      | Lost mutation: You evolve. [potion of mutation]
  1671 | D:2      | Lost mutation: You are partially covered in yellow scales.
                  | (AC +2) [potion of mutation]
  1671 | D:2      | Gained mutation: You occasionally shout uncontrollably at
                  | your foes. [potion of mutation]
  1671 | D:2      | Gained mutation: You sometimes yell uncontrollably at your
                  | foes. [potion of mutation]
  1671 | D:2      | Lost mutation: You sometimes yell uncontrollably at your
                  | foes. [potion of mutation]
  1671 | D:2      | Gained mutation: Your system is resistant to poisons.
                  | (rPois) [potion of mutation]
  1790 | D:2      | Noticed Sigmund
  1802 | D:2      | Slain by Sigmund

Levels and vault maps discovered:
D:1:      onia_arrival_zoo_common, layout_loops_cross
D:2:      layout_loops_cross, hangedman_ru_absence, first_ration,
          eino_curves_04, uniq_terence, uniq_jessica, uniq_sigmund

Skill      XL: |  1  2  3  4 |
---------------+-------------+-----
Maces & Flails | 2 |  2.3
Armour         | 3 |  3.1
Dodging        | 1 |  1.9
Evocations     | 1 |  1.4
Fighting       | |  3.5
Shields        | |  2.6

Action                   |  1- 3 |  4- 6 || total
-------------------------+-------+-------++-------
Melee: Flail             |   127 |    32 ||   159
Evoke: Wand              |       |     4 ||     4
  Use: Scroll            |     1 |     6 ||     7
       Potion            |       |     4 ||     4
  Eat: Chunk             |     9 |     1 ||    10
Armor: Scale mail        |    87 |    16 ||   103
Dodge: Dodged            |    69 |    12 ||    81
Block: Shield            |    89 |    19 ||   108
